 Dungeon Crawl Stone Soup version 0.25.1-9-gc5326a611f (webtiles) character file.

Game seed: 16720219951748683161

49 Clowwww the Grave Robber (level 3, 0/24 HPs)
             Began as a Demonspawn Necromancer on Dec 29, 2020.
             Slain by a worker ant zombie (1 damage)
             ... on level 2 of the Dungeon.
             The game lasted 00:04:37 (2061 turns).

Clowwww the Grave Robber (Demonspawn Necromancer)   Turns: 2061, Time: 00:04:38

Health: 0/24       AC:  2    Str:  8    XL:     3   Next: 53%
Magic:  6/6        EV: 13    Int: 17    God:
Gold:   32         SH:  0    Dex: 19    Spells: 5/7 levels left

rFire    . . .     SeeInvis .   (no weapon)
rCold    . . .     Gourm    .   (no shield)
rNeg     . . .     Faith    .   a - +0 robe
rPois    .         Spirit   .   (no helmet)
rElec    .         Reflect  .   (no cloak)
rCorr    .         Harm     .   (no gloves)
MR       .....                  (no boots)
Stlth    ++........             (no amulet)
HPRegen  0.08/turn              i - +6 ring of dexterity
MPRegen  0.10/turn              (no ring)

@: no status effects
A: talons 1
a: no special abilities


You were on level 2 of the Dungeon.
You were not hungry.

You visited 1 branch of the dungeon, and saw 2 of its levels.

You collected 32 gold pieces.

Inventory:

Armour
 a - a +0 robe (worn)
Jewellery
 i - a +6 ring of dexterity (left hand)
Scrolls
 f - a scroll of identify {unknown}
 g - a scroll of amnesia {unknown}
Potions
 b - a potion of brilliance {unknown}
 d - a potion of cancellation {unknown}
 h - 2 potions of berserk rage {unknown}
Comestibles
 c - 2 rations


   Skills:
 + Level 2.0 Dodging
 + Level 1.9 Stealth
 + Level 0.3 Unarmed Combat
 + Level 2.5 Spellcasting
 + Level 5.2 Necromancy


You had 5 spell levels left.
You knew the following spells:

 Your Spells              Type           Power        Failure   Level  Hunger
a - Pain                  Necr           ###.         2%          1    #......
b - Animate Skeleton      Necr           N/A          2%          1    #......

Your spell library contained the following spells:

 Spells                   Type           Power        Failure   Level  Hunger
 Vampiric Draining        Necr           ###.......   6%          3    ###....
 Animate Dead             Necr           N/A          22%         4    #####..
 Agony                    Necr           ###.....     52%         5    ######.


Dungeon Overview and Level Annotations

Branches:
Dungeon (2/15)

Altars:


Innate Abilities, Weirdness & Mutations

You have sharp toenails.


Message History

The worker ant zombie bites you.
You hit the worker ant zombie but do no damage.
You claw the worker ant zombie.
The worker ant zombie is severely damaged.
The worker ant zombie bites you.
* * * LOW HITPOINT WARNING * * *
You hit the worker ant zombie but do no damage.
You claw the worker ant zombie.
The worker ant zombie is severely damaged.
The worker ant zombie misses you.
You hit the worker ant zombie but do no damage.
The worker ant zombie is severely damaged.
The worker ant zombie bites you.
* * * LOW HITPOINT WARNING * * *
The jackal barks!
You hit the worker ant zombie but do no damage.
The worker ant zombie is severely damaged.
You hear a shout!
The worker ant zombie bites you.
You die...

## #.......).# #.# #.#
#.# #.........# #.# #.#
#^# #.........# #.# #.#
#.# #.........# #.# #.#
#.# #####..#.## #.# #.#
#.# #.(#.# #.####.###.##
...#.# #...........##
.##.#.##########...)...#
#.h...Z@......[..(..<#
...[..###############..#
.##### #).# #..# #..#
#..# #..#


You could see a worker ant zombie and a jackal.

Vanquished Creatures
  An adder (D:2)
  A dart slug (D:1)
  A leopard gecko (D:1)
  3 giant cockroaches (D:1)
  4 goblins (D:1)
  3 hobgoblins
  6 jackals
  A quokka (D:2)
  3 bats (D:1)
  3 frilled lizards
  5 kobolds
  5 rats
36 creatures vanquished.

Notes
Turn   | Place    | Note
-------+----------+-------------------------------------------
     0 | D:1      | Clowwww the Demonspawn Necromancer began the quest for the
                  | Orb.
     0 | D:1      | Reached XP level 1. HP: 13/13 MP: 3/3
   270 | D:1      | Gained mutation: You have sharp toenails. [demonic
                  | ancestry]
   270 | D:1      | Reached XP level 2. HP: 2/19 MP: 0/5
   273 | D:1      | Learned a level 1 spell: Animate Skeleton
  1182 | D:1      | Reached XP level 3. HP: 18/24 MP: 0/6
  1511 | D:2      | Reached skill level 5 in Necromancy
  2060 | D:2      | HP: 1/24 [worker ant zombie (5)]
  2061 | D:2      | Slain by a worker ant zombie

Illustrated notes

Levels and vault maps discovered:
D:1:      mushboom_english_gardens, layout_basic
D:2:      layout_loops_ring, minmay_hexomino_c4

Skill      XL: |  1  2  3 |
---------------+----------+-----
Dodging        | 2 |  2.0
Necromancy     | 5 |  5.2
Stealth        | |  1.9
Unarmed Combat | |  0.3
Spellcasting   | |  2.5

Action                   || total
-------------------------++-------
Melee: Unarmed           ||    50
       Kick              ||     8
Throw: Javelin           ||     3
 Cast: Pain              ||    58
       Animate Skeleton  ||     1
  Eat: Chunk             ||     4
Armor: Robe              ||     7
Dodge: Dodged            ||    48
